 Dungeon Crawl Stone Soup version 0.20.1-1-g8b1a95d (webtiles) character file.

117 schauveau the Digger (level 5, 0/28 HPs)
             Began as a Gargoyle Earth Elementalist on Dec 10, 2017.
             Killed by divine providence
             ... invoked by an orc priest
              (15 damage)
             ... on level 3 of the Dungeon.
             The game lasted 00:06:31 (2468 turns).

schauveau the Digger (Gargoyle Earth Elementalist)  Turns: 2468, Time: 00:06:32

Health: 0/28       AC:  6    Str: 11    XL:     5   Next: 1%
Magic:  9/9        EV: 12    Int: 17    God:
Gold:   182        SH:  0    Dex: 10    Spells: 6/10 levels left

rFire    . . .     SeeInvis .   a - +2 dagger (venom)
rCold    . . .     Gourm    .   (no shield)
rNeg     + . .     Faith    .   c - +0 robe
rPois    ∞         Spirit   .   (no helmet)
rElec    +         Reflect  .   (no cloak)
rCorr    .         Harm     .   (no gloves)
MR       .....                  (no boots)
Stlth    ++........             (no amulet)
Regen    0.1/turn               (no ring)
MPRegen  0.2/turn               (no ring)

@: no status effects
A: negative energy resistance 1, electricity resistance, unbreathing,
petrification resistance, rot immunity, AC +4
a: no special abilities


You were on level 3 of the Dungeon.
You were not hungry.

You visited 1 branch of the dungeon, and saw 3 of its levels.

You collected 182 gold pieces.

Inventory:

Hand Weapons
 a - a +2 dagger of venom (weapon)
 r - a +0 dagger of holy wrath
Missiles
 b - 107 stones
 h - 68 arrows
 l - 14 poisoned needles
 x - 5 silver javelins (quivered)
Armour
 c - a +0 robe (worn)
 z - a cursed -2 pair of boots
Wands
 u - a wand of lightning (12/15)
 w - a wand of acid (6/15)
Scrolls
 k - a scroll of recharging {unknown}
 n - a scroll of magic mapping {unknown}
 p - a scroll of fear {unknown}
 q - a scroll of teleportation {unknown}
 s - a scroll of immolation {unknown}
 t - a scroll of identify {unknown}
 v - a scroll of blinking {unknown}
 y - a scroll of remove curse {unknown}
Potions
 f - a potion of curing {unknown}
 i - a potion of heal wounds {unknown}
 j - 3 potions of flight {unknown}
 o - 3 potions of might {unknown}
Books
 e - a book of Geomancy

   Spells                             Type                      Level
   a - Sandblast                      Earth                        1
   b - Passwall                       Transmutation/Earth          2
   c - Stone Arrow                    Conjuration/Earth            3
   d - Petrify                        Transmutation/Earth          4
   e - Lee's Rapid Deconstruction     Earth                        5
Comestibles
 d - 4 bread rations
 g - a fruit
 m - a royal jelly


   Skills:
 - Level 1.5 Dodging
 - Level 2.1 Stealth
 + Level 3.0 Spellcasting
   Level 0.7 Transmutations
 * Level 5.9 Earth Magic


You had 6 spell levels left.
You knew the following spells:

 Your Spells              Type           Power        Failure   Level  Hunger
s - Stone Arrow           Conj/Erth      ##....       16%         3    ###....
z - Sandblast             Erth           ###...       1%          1    None


Dungeon Overview and Level Annotations

Branches:
Dungeon (3/15)

Altars:
Hepliaklqana
Makhleb
Ru


Innate Abilities, Weirdness & Mutations

You are resistant to torment.
Your stone body is resilient. (AC +4)
You are immune to poison.
You resist negative energy. (rN+)
You are resistant to electric shocks. (rElec)
You can survive without breathing.
You are immune to petrification.
You are immune to rotting.


Message History

As you open the door, it creaks loudly!
There is an open door here.
Found a pair of runed boots. 2 orcs come into view.
You see here a pair of runed boots.
An orc comes into view. It is wielding an enchanted dagger.
The orc shouts!
An orc priest comes into view. It is wielding a mace.
You see here a pair of runed boots.
z - a pair of runed boots The orc shouts!
The orc priest shouts!
The orc priest calls down the wrath of Beogh upon you.
Beogh smites you!
You are too injured to fight recklessly!
You barely miss the orc. The orc hits you but does no damage.
You barely miss the orc.
The orc priest mumbles some strange prayers to Beogh against you.
Beogh smites you!
Ouch! That really hurt!
You die...

##'## #.# ##...##
#.###### #.....##
#.... .# .......##
#..## .#
........####...##.#
........'.........#
........####...#..#
.......##
##.##..####
#.....## #...@....#
##...## #...o.##.#
##+# ##o#o## #.#.#
#.#o# #o#.# #....
###o# .#


You could see an orc priest and 4 orcs.

Vanquished Creatures
  6 adders (D:2)
  A worm (D:2)
  2 dart slugs
  A ball python (D:3)
  8 bats
  5 giant cockroaches
  5 goblins
  3 hobgoblins
  6 jackals
  5 frilled lizards
  6 kobolds
  7 rats
55 creatures vanquished.

Notes
Turn   | Place    | Note
-------+----------+-------------------------------------------
     0 | D:1      | schauveau the Gargoyle Earth Elementalist began the quest for the Orb.
     0 | D:1      | Reached XP level 1. HP: 10/10 MP: 3/3
   204 | D:1      | Reached skill level 4 in Earth Magic
   265 | D:1      | Reached XP level 2. HP: 7/15 MP: 0/5
   660 | D:2      | Reached XP level 3. HP: 6/19 MP: 3/6
   675 | D:2      | Learned a level 3 spell: Stone Arrow
  1268 | D:2      | Found a sacrificial altar of Ru.
  1269 | D:2      | Found a hazy altar of Hepliaklqana.
  1302 | D:2      | Reached skill level 5 in Earth Magic
  1381 | D:2      | Reached XP level 4. HP: 24/24 MP: 6/8
  1936 | D:2      | Found a burning altar of Makhleb.
  1936 | D:2      | Noticed a balrug
  2397 | D:3      | Reached XP level 5. HP: 22/28 MP: 9/9
  2468 | D:3      | Killed from afar by an orc priest

Skill      XL: |  1  2  3  4 |
---------------+-------------+-----
Earth Magic    | 4 5 |  5.9
Spellcasting   | 3 |  3.0
Dodging        | |  1.5
Stealth        | |  2.1
Transmutations | |  0.7

Action                   |  1- 3 |  4- 6 || total
-------------------------+-------+-------++-------
Melee: Dagger            |    58 |    76 ||   134
 Cast: Sandblast         |    27 |       ||    27
 Stab: Sleeping          |     1 |       ||     1
  Eat: Chunk             |     2 |     3 ||     5
Armor: Robe              |    24 |    33 ||    57
Dodge: Dodged            |    59 |    50 ||   109
